 Dungeon Crawl Stone Soup version 0.27.1-3-gb3d3a73c9e (webtiles) character file.

Game seed: 12967097640217715627

6318 horus123 the Nimble (level 10, -4/56 HPs)
             Began as a Deep Elf Ice Elementalist on Oct 30, 2021.
             Was an Elder of Cheibriados.
             Slain by a freezing wraith (6 damage)
             ... on level 2 of the Abyss.
             The game lasted 00:35:56 (11078 turns).

horus123 the Nimble (Deep Elf Ice Elementalist)    Turns: 11078, Time: 00:35:56

Health: -4/56      AC:  8    Str: 14    XL:     10   Next: 64%
Magic:  3/23       EV: 24    Int: 33    God:    Cheibriados [****..]
Gold:   303        SH:  0    Dex: 24    Spells: 9/24 levels left

rFire    x . .     SeeInvis .   A - +3 shortbow (flame)
rCold    + . .     Faith    +   (shield currently unavailable)
rNeg     . . .     Spirit   .   a - +1 robe
rPois    .         Reflect  .   n - +0 hat
rElec    .         Harm     .   (no cloak)
rCorr    .         Rampage  .   k - +1 pair of gloves
Will     +....                  y - +2 pair of boots
Stlth    +++.......             z - amulet of faith
HPRegen  0.00/turn              c - ring of ice
MPRegen  0.18/turn              e - +4 ring of evasion

@: brilliant, diseased, slowed, very slow
A: no striking features
a: Renounce Religion, Bend Time, Temporal Distortion, Slouch


You were on level 2 of the Abyss.
You worshipped Cheibriados.
Cheibriados was greatly pleased with you.
You visited 1 branch of the dungeon, and saw 9 of its levels.
You visited the Abyss 1 time.

You collected 413 gold pieces.
You spent 110 gold pieces at shops.

Inventory:

Hand Weapons
 l - a +2 dagger of freezing
 A - a +3 shortbow of flaming (weapon)
Missiles
 h - 3 throwing nets
 B - 190 arrows (quivered ammo)
Armour
 a - a +1 robe (worn)
 k - a +1 pair of gloves (worn)
 n - a +0 hat (worn)
 y - a +2 pair of boots (worn)
Magical Staves
 i - a staff of air
Jewellery
 c - a ring of ice (left hand)
 e - a +4 ring of evasion (right hand)
 g - a +6 ring of strength
 p - a ring of willpower
 q - a ring of fire
 r - an amulet of reflection
 z - an amulet of faith (around neck)
 F - a +6 ring of dexterity
 L - an amulet of the acrobat
Wands
 o - a wand of polymorph (2)
 w - a wand of paralysis (26)
 C - a wand of mindburst (12)
 I - a wand of flame (29)
Scrolls
 s - a scroll of amnesia
 t - a scroll of teleportation
 u - 5 scrolls of identify
 H - 3 scrolls of fear
 J - a scroll of silence
 M - a scroll of enchant weapon
Potions
 b - a potion of resistance {unknown}
 d - 3 potions of attraction
 f - a potion of mutation
 m - 2 potions of invisibility
 v - a potion of berserk rage {unknown}
 x - 2 potions of curing {unknown}
 D - 2 potions of ambrosia {unknown}
 E - a potion of haste {unknown}
 K - a potion of might {unknown}


   Skills:
 - Level 3.5 Fighting
 - Level 8.2 Bows
 + Level 9.5 Dodging
 - Level 2.6 Stealth
 - Level 7.8 Spellcasting
 - Level 5.5 Conjurations
 - Level 7.1 Fire Magic
 - Level 6.3 Ice Magic
 - Level 1.1 Air Magic
 - Level 4.7 Evocations


You had 9 spell levels left.
You knew the following spells:

 Your Spells              Type           Power      Damage    Failure   Level
a - Freeze                Ice            100%       1d11      1%          1
b - Frozen Ramparts       Ice            100%       1d12      1%          3
c - Ozocubu's Armour      Ice            89%        N/A       1%          3
d - Hailstorm             Conj/Ice       87%        3d17      3%          4
e - Foxfire               Conj/Fire      100%       2x1d9     1%          1
f - Conjure Flame         Conj/Fire      70%        6-21      1%          3

Your spell library contained the following spells:

 Spells                   Type           Power      Damage    Failure   Level
 Inner Flame              Hex/Fire       53%        N/A       2%          3
 Sandblast                Erth           38%        2d10      3%          1
 Passwall                 Tmut/Erth      15%        N/A       5%          2
 Gell's Gravitas          Tloc           9%         N/A       11%         3
 Lesser Beckoning         Tloc           9%         N/A       11%         3
 Teleport Other           Tloc           19%        N/A       11%         3
 Lee's Rapid Deconstruct  Erth           9%         3d8*      69%         5


Dungeon Overview and Level Annotations

Branches:
Dungeon (9/15)             Temple (0/1) D:5
   Lair: D:8-11         Orc: D:9-12

Altars:
Cheibriados

Shops:
D:4 (*   D:7 !

Annotations:
D:6 3 runed translucent doors, Icepheonix32's ghost, novice DsFi
D:9 Erolcha


Message History

The freezing wraith completely misses you.
The freezing wraith barely misses you. The freezing wraith misses you.
The freezing wraith completely misses you.
The white imp gestures at you. The puff of frost misses you.
The freezing wraith barely misses you. The freezing wraith hits you!
* * * LOW HITPOINT WARNING * * *
The freezing wraith drains your vigour!
You feel as though you will be slow longer.
The white imp closely misses you.
Okay, then.
Casting: Conjure Flame (safe; 1% risk of failure)
Confirm with . or Enter, or press ? or * to list all spells.
Aiming: Freeze (safe; 1% risk of failure)
Press: ? - help, Shift-Dir - straight line, f - freezing wraith
Aim: a freezing wraith (moderately damaged)
Okay, then.
Okay, then.
You feel clever all of a sudden. The freezing wraith closely misses you.
The freezing wraith misses you. The white imp completely misses you.
The freezing wraith barely misses you. x2
You are too injured to fight recklessly!
Casting: Foxfire (safe; 1% risk of failure)
Press: ? - help, Q - select action, (/) - cycle Dir - look around, f - activate You feel a surge of power!
You conjure some foxfire!
The white imp lashes its tail.
The white imp hits you but does no damage.
The freezing wraith hits you but does no damage.
The freezing wraith barely misses you. The white imp completely misses you.
Casting: Foxfire (safe; 1% risk of failure)
Press: ? - help, Q - select action, (/) - cycle Dir - look around, f - activate You feel a surge of power!
You conjure some foxfire!
The foxfire hits the freezing wraith but does no damage.
The freezing wraith is moderately damaged.
The foxfire hits the freezing wraith but does no damage.
The freezing wraith is moderately damaged.
The freezing wraith hits you.
* * * LOW HITPOINT WARNING * * *
The freezing wraith freezes you. You resist.
You die...

#. ####≈##### #.#
..(>.....
#..####..... ###
..
#.##.###(###.##..
##.#.......#.#. .
#.######### #...
#........... ..
#.##W5..#####..#
#..@v.........#
#.#§v#..... ..#
..#.......#.. .
##..#......# .
... .#####....#
... .. # .....#
.. . # ....#. ..
. #....#.... . .
. . .. ...


You could see a freezing wraith and a white imp (ally target).

Vanquished Creatures
  Pikel (D:4)
  An ancient zyme (Abyss:2)
  A troll (D:8)
  Grinder (D:4)
  7 yaks (D:9)
  A wyvern (D:5)
  Eustachio (D:6)
  A steam dragon (D:9)
  3 orc warriors
  An ice beast (D:4)
  A necrophage (D:4)
  2 ogres
  4 black bears
  6 centaurs
  2 lemures (D:4)
  4 bullfrogs
  2 scorpions
  3 water moccasin zombies
  A wyvern zombie (D:8)
  A water moccasin skeleton (D:4)
  7 wights
  6 killer bees (D:9)
  3 centaur zombies
  A jelly (D:6)
  6 orc priests
  A gnoll shaman (D:4)
  3 hounds
  A centaur skeleton (D:7)
  A bullfrog skeleton (D:7)
  4 iguanas
  Terence (D:3)
  5 orc wizards
  2 hound skeletons (D:5)
  A scorpion simulacrum (D:4)
  A howler monkey zombie (D:9)
  The ghost of CurlyBrace the Sneak, a weakling FeEE (D:4)
  A howler monkey skeleton (D:5)
  15 gnolls
  6 adders
  A hound simulacrum (D:4)
  A white imp (D:6)
  2 ufetubi (D:6)
  An adder skeleton (D:4)
  A worm (D:4)
  2 dart slugs
  3 adder simulacra (D:4)
  39 orcs
  A ball python (D:1)
  4 endoplasms
  2 giant cockroaches (D:2)
  3 hobgoblins
  8 jackals
  4 kobolds
  2 quokkas
  6 bats
  3 frilled lizards
  A goblin (D:1)
  A jackal simulacrum (D:4)
  2 rats (D:2)
197 creatures vanquished.

Vanquished Creatures (others)
  375 foxfires
375 creatures vanquished.

Grand Total: 572 creatures vanquished

Notes
Turn   | Place    | Note
-------+----------+-------------------------------------------
     0 | D:1      | horus123 the Deep Elf Ice Elementalist began the quest for
                  | the Orb.
     0 | D:1      | Reached XP level 1. HP: 10/10 MP: 6/6
    33 | D:1      | Found a faded altar of an unknown god.
   317 | D:1      | Reached XP level 2. HP: 15/15 MP: 6/8
   475 | D:1      | You fall into a shaft and drop 1 floor!
   524 | D:2      | Reached skill level 5 in Ice Magic
   606 | D:2      | Reached XP level 3. HP: 19/19 MP: 5/10
   990 | D:2      | Learned a level 3 spell: Frozen Ramparts
   994 | D:2      | Learned a level 3 spell: Ozocubu's Armour
  1036 | D:2      | Reached XP level 4. HP: 24/24 MP: 10/12
  1277 | D:2      | Learned a level 4 spell: Hailstorm
  1618 | D:3      | Noticed Terence
  1737 | D:3      | Killed Terence
  1738 | D:3      | Reached XP level 5. HP: 13/28 MP: 4/13
  1743 | D:3      | Reached skill level 1 in Air Magic
  1970 | D:3      | Reached skill level 1 in Evocations
  2298 | D:3      | You fall into a shaft and drop 1 floor!
  2348 | D:4      | Reached skill level 3 in Dodging
  2411 | D:4      | Found a runed translucent gate.
  2412 | D:4      | Found a runed translucent gate.
  2413 | D:4      | Found a runed translucent gate.
  2433 | D:4      | Reached skill level 1 in Conjurations
  2434 | D:4      | Reached XP level 6. HP: 32/32 MP: 6/14
  2695 | D:4      | Reached skill level 5 in Conjurations
  2695 | D:4      | Reached XP level 7. HP: 32/36 MP: 10/15
  2876 | D:4      | Noticed Grinder
  2879 | D:4      | Paralysed by Grinder for 6 turns
  2890 | D:4      | Paralysed by Grinder for 2 turns
  2907 | D:4      | Paralysed by Grinder for 6 turns
  2923 | D:4      | HP: 1/36 [Grinder/nerve-wracking pain (14)]
  3326 | D:4      | Paralysed by Grinder for 6 turns
  3334 | D:4      | Killed Grinder
  3557 | D:4      | Learned a level 1 spell: Foxfire
  4152 | D:4      | Reached XP level 8. HP: 41/41 MP: 12/16
  4188 | D:4      | Learned a level 3 spell: Conjure Flame
  4217 | D:4      | Noticed CurlyBrace's ghost (weakling FeEE)
  4220 | D:4      | Killed CurlyBrace's ghost
  4404 | D:4      | Found Zufixzeogy's Overcharged Wands.
  4540 | D:4      | Found Pyuriz's Weapon Emporium.
  4730 | D:4      | Noticed Pikel
  4741 | D:4      | Killed Pikel
  5066 | D:5      | Entered Level 5 of the Dungeon
  5150 | D:5      | Reached skill level 5 in Spellcasting
  5545 | D:5      | Found a snail-covered altar of Cheibriados.
  5665 | D:5      | Reached XP level 9. HP: 45/45 MP: 12/21
  5816 | D:5      | Became a worshipper of Cheibriados the Contemplative
  6172 | D:5      | Found a staircase to the Ecumenical Temple.
  6390 | D:6      | Found a runed translucent gate.
  6392 | D:6      | Found a runed translucent gate.
  6392 | D:6      | Noticed Icepheonix32's ghost (novice DsFi)
  6393 | D:6      | Found a runed translucent gate.
  6410 | D:6      | Noticed Eustachio
  6419 | D:6      | Killed Eustachio
  6576 | D:6      | Reached skill level 5 in Bows
  6715 | D:6      | Reached * piety under Cheibriados
  7482 | D:7      | Reached ** piety under Cheibriados
  7574 | D:7      | Reached skill level 1 in Fighting
  7904 | D:7      | Found Nomnutri's Distillery.
  7921 | D:7      | Bought 2 potions of heal wounds for 110 gold pieces
  8760 | D:8      | Reached XP level 10. HP: 54/55 MP: 23/23
  9353 | D:8      | Reached skill level 4 in Dodging
  9492 | D:8      | Reached skill level 5 in Dodging
  9866 | D:8      | Reached *** piety under Cheibriados
 10319 | D:9      | Reached skill level 6 in Dodging
 10560 | D:9      | Reached skill level 7 in Dodging
 10683 | D:9      | Reached skill level 8 in Dodging
 11012 | D:9      | Noticed Erolcha
 11014 | D:9      | Reached **** piety under Cheibriados
 11015 | D:9      | Reached skill level 9 in Dodging
 11022 | D:9      | Cast into level 2 of the Abyss (Erolcha)
 11078 | Abyss:2  | HP: 2/56 [freezing wraith (2)]
 11078 | Abyss:2  | Slain by a freezing wraith

Illustrated notes

Levels and vault maps discovered:
D:1:      dpeg_arrival_pond, layout_basic, shapermc_ecumenical_altar_venn,
          minmay_tetromino_l2
D:2:      layout_loops_ring
D:3:      layout_basic, uniq_terence
D:4:      cheibrodos_pilgrimage, layout_basic, gammafunk_ghost_icy,
          serial_shops, shop, nicolae_shop_overcharged_wands, uniq_pikel,
          uniq_grinder
D:5:      layout_cave_pools, lemuel_tele_altar, minmay_temple_entry_junction
D:6:      layout_basic, gammafunk_ghost_split, uniq_eustachio
D:7:      layout_cave_pools, serial_shops, nicolae_shop_stone,
          chequers_serial_rivers_small_a
D:8:      layout_basic
D:9:      layout_irregular_city, lair_entry_dummy, uniq_erolcha
Abyss:2:  base: D:9, guppyfry_abyss_exit_glass_guarded

Skill      XL: |  1  2  3  4  5  6  7  8  9 10 |
---------------+-------------------------------+-----
Ice Magic      | 5 6 |  6.3
Spellcasting   | 4 6 7 |  7.8
Air Magic      | 1 |  1.1
Evocations     | 1 4 |  4.7
Dodging        | 3 9 |  9.5
Conjurations   | 2 5 |  5.5
Fire Magic     | 2 7 |  7.1
Bows           | 8 |  8.2
Fighting       | 3 |  3.5
Stealth        | |  2.6

Action                   |  1- 3 |  4- 6 |  7- 9 | 10-12 || total
-------------------------+-------+-------+-------+-------++-------
Melee: Unarmed           |     3 |       |       |       ||     3
       Staff             |       |     2 |    13 |       ||    15
 Fire: Shortbow          |       |       |    75 |   108 ||   183
 Cast: Freeze            |    33 |    45 |    34 |    37 ||   149
       Frozen Ramparts   |       |    11 |    11 |     9 ||    31
       Ozocubu's Armour  |       |     2 |     7 |     5 ||    14
       Hailstorm         |       |       |     5 |     1 ||     6
       Foxfire           |       |       |   215 |     5 ||   220
       Conjure Flame     |       |       |     3 |     2 ||     5
  Use: Scroll            |     3 |     2 |     6 |     2 ||    13
       Potion            |       |       |     1 |     3 ||     4
Armor: Robe              |     5 |     8 |    36 |    19 ||    68
Dodge: Dodged            |    26 |    32 |    75 |    93 ||   226
